[Event "Late-Titled-Tuesday-Blitz-January-23-2024"]
[Site "Chess.com"]
[Date "2024.01.23"]
[Round "7"]
[White "emeli_chess"]
[Black "reevecanada"]
[Result "1-0"]
[WhiteElo "2481"]
[BlackElo "2633"]
[TimeControl "180+1"]
[EndTime "15:11:59 PST"]
[Termination "emeli_chess won by checkmate"]

1. d4 Nf6 2. c4 g6 3. Nc3 d5 4.
Nf3 Bg7 5. e3 O-O 6. Be2 c5 7. O-O cxd4 8. exd4 dxc4 9. Bxc4 Bg4 10. h3 Bxf3 11. Qxf3 Qxd4 12. Qxb7 Qxc4 13. Qxa8 Nc6 14.
Qb7 Rb8 15. Qc7 Ne8 16. Qf4 Qxf4 17. Bxf4 Rxb2 18. Nd5 e6 19. Rac1 Nd4 20. Rc8 exd5 21. Rxe8+ Bf8 22. Bh6 Ne6 23. Re1 Rxa2 24. R1xe6 Ra1+ 25. Kh2 fxe6 26. Rxf8# 1-0

[Event "Late-Titled-Tuesday-Blitz-January-23-2024"]
[Site "Chess.com"]
[Date "2024.01.23"]
[Round "7"]
[White "norwaytoadog"]
[Black "Knjazj"]
[Result "1-0"]
[WhiteElo "2280"]
[BlackElo "2034"]
[TimeControl "180+1"]
[EndTime "15:12:00 PST"]
[Termination "norwaytoadog won by resignation"]

1. e4 e5 2. Nf3 Nc6 3. Bb5 d6 4. d4 Bd7 5. Nc3 exd4 6. Nxd4 Nxd4 7. Qxd4 Nf6 8. Bg5 Be7 9. O-O O-O 10. a4 a6 11. Bxd7 Nxd7 12. Bxe7 Qxe7 13. Nd5 Qd8 14. Ra3 c6 15. Rg3 Ne5 16. Ne3 f6 17. Nf5 Ng6 18. h4 Qc7 19. h5 c5 20. Qd5+ Kh8 21. hxg6 h6 22. Nxh6 gxh6 23. g7+ Kh7 24. Qf5+ Kg8 25. gxf8=Q+ Kxf8 26. Rg6 1-0

[Event "Late-Titled-Tuesday-Blitz-January-23-2024"]
[Site "Chess.com"]
[Date "2024.01.23"]
[Round "7"]
[White "MokshanovAlexey"]
[Black "ContrVersia"]
[Result "0-1"]
[WhiteElo "2641"]
[BlackElo "2850"]
[TimeControl "180+1"]
[EndTime "15:12:20 PST"]
[Termination "ContrVersia won by resignation"]

1. e4 d6 2. d4 Nf6 3. Nc3 g6 4. Bg5 Bg7 5. Qd2 c6 6. O-O-O b5 7. Bd3 Qa5 8. Kb1 b4 9. Nce2 Be6 10. Nc1 Nbd7 11. Bh6 Bxh6 12. Qxh6 Nb6 13. Nf3 Na4 14. Ng5 Nc3+ 15. bxc3 bxc3 16. Nxe6 Qa3 0-1

[Event "Late-Titled-Tuesday-Blitz-January-23-2024"]
[Site "Chess.com"]
[Date "2024.01.23"]
[Round "7"]
[White "Firouzja2003"]
[Black "Igor_Lysyj"]
[Result "1-0"]
[WhiteElo "3140"]
[BlackElo "2888"]
[TimeControl "180+1"]
[EndTime "15:12:21 PST"]
[Termination "Firouzja2003 won by checkmate"]

1. d4 d5 2. Bg5 c5 3. e3 cxd4 4. exd4 Nc6 5. Nf3 Nf6 6. Nbd2 Bg4 7. c3 e6 8. Qb3 Qb6 9. Ne5 Nxe5 10. dxe5 Qxb3 11.
axb3 Nd7 12. h3 Bh5 13. g4 Bg6 14. f4 f6 15. exf6 gxf6 16. Bh4 Bd6 17. Bb5 Bxf4 18. Bxf6 O-O 19. Bd4 Ne5 20. Rf1 Nd3+ 21. Ke2 Nxb2 22.
Bxa7 Be5 23. Rxf8+ Rxf8 24. Bd4 Bxd4 25. cxd4 Rc8 26.
Bd7 Rc3 27. Bxe6+ Kg7 28. Bxd5 Rxh3 29. Ra7 Kf6 30. Rxb7 Rh2+ 31. Ke3 Nd1+ 32. Kf4 Rxd2 33. g5# 1-0

[Event "Late-Titled-Tuesday-Blitz-January-23-2024"]
[Site "Chess.com"]
[Date "2024.01.23"]
[Round "7"]
[White "Bigfish1995"]
[Black "Fandorine"]
[Result "0-1"]
[WhiteElo "3124"]
[BlackElo "2990"]
[TimeControl "180+1"]
[EndTime "15:12:38 PST"]
[Termination "Fandorine won on time"]

1. e4 e5 2. Nf3 Nc6 3. Bb5 a6 4.
Bxc6 dxc6 5. d4 exd4 6. Qxd4 Qxd4 7. Nxd4 Bd6 8. Nc3 Ne7 9. Be3 Ng6 10. O-O-O f6 11.
g3 Bd7 12. f4 O-O-O 13. Rhe1 Rhe8 14. Bf2 h5 15. a3 c5 16. Nb3 b6 17. Nd2 Bg4 18.
Ne2 Kb7 19. c3 a5 20. Kc2 a4 21. Ra1 Bf8 22. Ng1 Rd7 23. h3 Red8 24. Nf1 Be6 25. f5 Bb3+ 0-1

[Event "Late-Titled-Tuesday-Blitz-January-23-2024"]
[Site "Chess.com"]
[Date "2024.01.23"]
[Round "7"]
[White "1mbl4"]
[Black "Revan_2002"]
[Result "1-0"]
[WhiteElo "2584"]
[BlackElo "2453"]
[TimeControl "180+1"]
[EndTime "15:12:39 PST"]
[Termination "1mbl4 won by checkmate"]

1. c4 Nf6 2. Nc3 e5 3. Nf3 Nc6 4. g3 Bb4 5. Bg2 O-O 6. O-O Bxc3 7. bxc3 e4 8. Nd4 Re8 9. d3 h6 10. f3 exd3 11. exd3 Nxd4 12. cxd4 d5 13. Rb1 b6 14.
Bf4 Bf5 15. Rc1 Qd7 16. g4 Bg6 17. Be5 Nh7 18. cxd5 Qxd5 19. f4 Qxa2 20. f5 Bxf5 21. gxf5 Rad8 22. f6 gxf6 23. Qg4+ Kf8 24. Rxf6 Rxe5 25.
dxe5 Nxf6 26. exf6 Qe6 27. Qg7+ Ke8 28. Bc6+ Rd7 29.
Qh8# 1-0

[Event "Late-Titled-Tuesday-Blitz-January-23-2024"]
[Site "Chess.com"]
[Date "2024.01.23"]
[Round "7"]
[White "eCztery"]
[Black "hsd2016"]
[Result "1-0"]
[WhiteElo "2438"]
[BlackElo "2288"]
[TimeControl "180+1"]
[EndTime "15:12:39 PST"]
[Termination "eCztery won by resignation"]

1. e4 c5 2. Nf3 e6 3. d4 cxd4 4. Nxd4 a6 5. Nc3 Nf6 6. e5 Ng8 7. Be2 Nc6 8. Nxc6 bxc6 9. O-O Qc7 10. Bf4 Rb8 11. Ne4 f5 12. Nd6+ Bxd6 13. exd6 Qa5 14. Bh5+ g6 15. Qd4 gxh5 16. Qxh8 Kf7 17. Qxh7+ Kf8 18.
Qh8 1-0

[Event "Late-Titled-Tuesday-Blitz-January-23-2024"]
[Site "Chess.com"]
[Date "2024.01.23"]
[Round "7"]
[White "Sl4werThanYou"]
[Black "Zq1"]
[Result "0-1"]
[WhiteElo "2636"]
[BlackElo "2496"]
[TimeControl "180+1"]
[EndTime "15:12:40 PST"]
[Termination "Zq1 won by checkmate"]

1. d4 Nf6 2. c4 a6 3. Nc3 c5 4. d5 b5 5. cxb5 axb5 6. e4 b4 7. Nb5 d6 8. Bc4 g6 9. e5 dxe5 10. d6 exd6 11. Qf3 Ra6 12. Bg5 Be7 13. Bxf6 Bxf6 14.
Nc7+ Qxc7 15. Qxf6 O-O 16. Bxa6 Bxa6 17. Nf3 Re8 18.
O-O-O Re6 19. Qh4 f6 20. Rd2 Kg7 21. g4 h6 22. Rhd1 c4 23. Rc2 Nc6 24. Kb1 b3 25. axb3 Nb4 26. Rc3 Qa5 27. Nd2 Qa2+ 28. Kc1 Nd3+ 29. Rxd3 cxd3 30. Nb1 d5 31. g5 Rc6+ 32. Kd2 Qxb2+ 33. Ke3 Qe2# 0-1

[Event "Late-Titled-Tuesday-Blitz-January-23-2024"]
[Site "Chess.com"]
[Date "2024.01.23"]
[Round "7"]
[White "falzehope0"]
[Black "PNEPaul"]
[Result "1-0"]
[WhiteElo "2406"]
[BlackElo "1924"]
[TimeControl "180+1"]
[EndTime "15:12:44 PST"]
[Termination "falzehope0 won on time"]

1. d4 a6 2. e3 d6 3. f4 g6 4. Bd3 Bg7 5. Nf3 Nd7 6. O-O h6 7. Nbd2 e6 8. c3 Ne7 9. e4 O-O 10. f5 exf5 11. exf5 Nxf5 12. Bxf5 gxf5 13. Qe1 Nf6 14.
Nh4 Re8 15. Qd1 Ng4 16. Ndf3 Qe7 17. Qd3 Qe4 18. Qc4 c6 19. Qb3 Rb8 20. h3 Be6 21.
Qa3 Ne3 22. Re1 f4 23. Qxd6 1-0

[Event "Late-Titled-Tuesday-Blitz-January-23-2024"]
[Site "Chess.com"]
[Date "2024.01.23"]
[Round "7"]
[White "Rawnsdale"]
[Black "TheAlienParty"]
[Result "0-1"]
[WhiteElo "2523"]
[BlackElo "2380"]
[TimeControl "180+1"]
[EndTime "15:12:50 PST"]
[Termination "TheAlienParty won by resignation"]

1. e4 e5 2. Nf3 Nc6 3. Bb5 a6 4. Ba4 d6 5. O-O Bd7 6. c3 g5 7. d4 g4 8. Ne1 h5 9. f4 exf4 10. Bxf4 Bh6 11. Nd3 Qe7 12. Nd2 O-O-O 13. b4 Bxf4 14.
Nxf4 Nf6 15. Re1 Rhe8 16. b5 axb5 17. Bxb5 Qf8 18. Qa4 Qh6 19. Nd5 Nxd5 20. exd5 Qxd2 21. Rxe8 Rxe8 22. dxc6 Re1+ 23. Rxe1 Qxe1+ 24. Bf1 Bxc6 25. Qc4 Qe3+ 26. Kh1 Qf2 27. Qd3 h4 28. c4 Be4 29.
Qe2 Bxg2+ 0-1

[Event "Late-Titled-Tuesday-Blitz-January-23-2024"]
[Site "Chess.com"]
[Date "2024.01.23"]
[Round "7"]
[White "EsmeraldasAnderson03"]
[Black "SEBAZZANO"]
[Result "1-0"]
[WhiteElo "2429"]
[BlackElo "2215"]
[TimeControl "180+1"]
[EndTime "15:12:50 PST"]
[Termination "EsmeraldasAnderson03 won on time"]

1. d4 Nf6 2. c4 c5 3. d5 e6 4. Nc3 exd5 5. cxd5 d6 6. e4 g6 7. Nf3 Bg7 8. Nd2 O-O 9. Be2 a6 10. a4 Re8 11. O-O Nbd7 12. h3 Qc7 13. Qc2 Rb8 14. Nc4 b5 15. axb5 axb5 16. Na5 b4 17. Nb5 Rxb5 18.
Bxb5 Rxe4 19. Nc6 Re8 20. Ra7 Qb6 21. Bc4 Bb7 22. Qa4 Ne5 23. Bb5 Nxd5 24. Nxe5 Rxe5 25. Ra8+ Bxa8 26. Qxa8+ Bf8 27. Bh6 1-0

[Event "Late-Titled-Tuesday-Blitz-January-23-2024"]
[Site "Chess.com"]
[Date "2024.01.23"]
[Round "7"]
[White "ozates"]
[Black "Grandmaster2B"]
[Result "1-0"]
[WhiteElo "2631"]
[BlackElo "2793"]
[TimeControl "180+1"]
[EndTime "15:12:53 PST"]
[Termination "ozates won by resignation"]

1. e4 c6 2. Nf3 d5 3. d3 Qc7 4. Nc3 dxe4 5. dxe4 e5 6. Bc4 h6 7. a4 Nf6 8. Nh4 Bb4 9. h3 Nxe4 10. O-O Nxc3 11.
bxc3 Bxc3 12. Ra3 Bb4 13. Rg3 Bf8 14. Re1 Nd7 15. Bf4 Be7 16. Nf5 g6 17. Nxe7 Kxe7 18. Rge3 f6 19. Qg4 g5 20. Qe6+ Kd8 21. Rd3 Qa5 22.
Qxf6+ Kc7 23. Bxe5+ Nxe5 24. Qd6+ Kb6 25. Rb1+ 1-0

[Event "Late-Titled-Tuesday-Blitz-January-23-2024"]
[Site "Chess.com"]
[Date "2024.01.23"]
[Round "7"]
[White "Maect19"]
[Black "Maxfan2008"]
[Result "0-1"]
[WhiteElo "2318"]
[BlackElo "2503"]
[TimeControl "180+1"]
[EndTime "15:12:54 PST"]
[Termination "Maxfan2008 won by checkmate"]

1. c4 Nf6 2. Nc3 e6 3. Nf3 d5 4.
e3 Be7 5. b3 O-O 6. Bb2 c5 7.
d4 cxd4 8. Nxd4 Nc6 9. Nxc6 bxc6 10. Bd3 e5 11. O-O e4 12. Be2 Bd6 13. cxd5 cxd5 14.
Qd2 Ng4 15. Bxg4 Bxg4 16. Qxd5 Re8 17. Qd4 Qc7 18. Nb5 Bxh2+ 19. Kh1 Qe5 20. g3 Bf3+ 21.
Kxh2 Qh5+ 22. Kg1 Qh1# 0-1

[Event "Late-Titled-Tuesday-Blitz-January-23-2024"]
[Site "Chess.com"]
[Date "2024.01.23"]
[Round "7"]
[White "Walter_White_Poland"]
[Black "j_coca"]
[Result "0-1"]
[WhiteElo "2335"]
[BlackElo "2516"]
[TimeControl "180+1"]
[EndTime "15:12:58 PST"]
[Termination "j_coca won on time"]

1. Nf3 g6 2. e4 Bg7 3. d4 d6 4. Nc3 Nh6 5. Bg5 f6 6. Bf4 O-O 7. Qd2 Nf7 8. h4 Nc6 9. h5 g5 10. Be3 h6 11. Bc4 Kh8 12. Ng1 e5 13. Nge2 f5 14. f3 fxe4 15. fxe4 exd4 16. Nxd4 Nfe5 17.
Be2 Ng4 18. Bg1 Qf6 19. Nd5 Qe5 20. O-O-O Nxd4 21. Bxd4 Qxd4 22. Qxd4 Bxd4 23. Rxd4 Nf2 24. Rf1 Bg4 25. Bxg4 Nxg4 26. Rxf8+ Rxf8 27. Nxc7 Ne3 28. b3 Nxg2 29. Rxd6 Kg7 30. Rg6+ Kh7 31. Ne6 Rf1+ 32.
Kb2 Nf4 33. Rg7+ Kh8 34. Re7 Nxh5 35. Re8+ Kh7 36. Re7+ Kg6 0-1

[Event "Late-Titled-Tuesday-Blitz-January-23-2024"]
[Site "Chess.com"]
[Date "2024.01.23"]
[Round "7"]
[White "MusicCityMaster"]
[Black "Cluke86"]
[Result "1-0"]
[WhiteElo "2468"]
[BlackElo "2267"]
[TimeControl "180+1"]
[EndTime "15:13:01 PST"]
[Termination "MusicCityMaster won by checkmate"]

1. d4 d6 2. Nf3 Nf6 3. c4 g6 4. Nc3 Bf5 5. g3 Ne4 6. Nxe4 Bxe4 7. Bg2 Bg7 8. O-O O-O 9. b3 c5 10. Bb2 Nc6 11. e3 Qb6 12. dxc5 dxc5 13. Bxg7 Kxg7 14. Qd2 Rad8 15. Qb2+ f6 16. Rfd1 e5 17. Ng5 fxg5 18. Bxe4 Qc7 19. Rd5 Rxd5 20. cxd5 Ne7 21. Rd1 Qd6 22.
Qc3 b6 23. a4 a5 24. f4 gxf4 25. exf4 c4 26. Qxe5+ Qxe5 27. fxe5 cxb3 28. d6 Nf5 29. Bxf5 gxf5 30. e6 b2 31. e7 Rc8 32. d7 Rc1 33. d8=Q b1=Q 34. Qf8+ Kg6 35. e8=Q+ Kg5 36. Qg7# 1-0

[Event "Late-Titled-Tuesday-Blitz-January-23-2024"]
[Site "Chess.com"]
[Date "2024.01.23"]
[Round "7"]
[White "Alexei_Gubajdullin"]
[Black "el008"]
[Result "1/2-1/2"]
[WhiteElo "2599"]
[BlackElo "2474"]
[TimeControl "180+1"]
[EndTime "15:13:11 PST"]
[Termination "Game drawn by repetition"]

1. e4 e6 2. Qe2 c5 3. Nf3 Nc6 4. g3 g6 5. Bg2 Bg7 6. O-O Nge7 7. c3 O-O 8. d4 cxd4 9. cxd4 Nxd4 10. Nxd4 Bxd4 11.
Bh6 Bg7 12. Bxg7 Kxg7 13. Nc3 a6 14. Rfd1 b5 15. e5 Ra7 16. Ne4 Bb7 17. Qe3 Qb8 18. Rxd7 Nf5 19. Qb6 Qxe5 20. Rxb7 Rxb7 21. Qxb7 Qxb2 22.
Rd1 Qxa2 23. Ng5 h6 24. Bd5 Qe2 25. Nxe6+ Kg8 26. Nxf8 Qxd1+ 27. Kg2 Ne3+ 28. fxe3 Qe2+ 29. Kg1 Qe1+ 30. Kg2 Qe2+ 31. Kg1 Qe1+ 32. Kg2 Qe2+ 1/2-1/2

[Event "Late-Titled-Tuesday-Blitz-January-23-2024"]
[Site "Chess.com"]
[Date "2024.01.23"]
[Round "7"]
[White "platy3"]
[Black "chegueps"]
[Result "1-0"]
[WhiteElo "2868"]
[BlackElo "2668"]
[TimeControl "180+1"]
[EndTime "15:13:13 PST"]
[Termination "platy3 won by resignation"]

1. e4 Nf6 2. e5 Nd5 3. d4 d6 4.
c4 Nb6 5. f4 dxe5 6. fxe5 c5 7. d5 g6 8. Nc3 Bg7 9. Nf3 Bg4 10. Bf4 N8d7 11. e6 fxe6 12. dxe6 Bxe6 13. Ng5 Bf5 14. g4 e5 15. Be3 h6 16. gxf5 hxg5 17.
fxg6 Qe7 18. Qg4 O-O-O 19. O-O-O Kb8 20. Bxg5 Nf6 21. Rxd8+ Rxd8 22. Qf5 Qd6 23. Be2 Nbd7 24. Rd1 Qf8 25. h4 Bh6 26. Kc2 Bxg5 27. hxg5 Nd5 28.
Qxf8 Nb4+ 29. Kb1 Rxf8 30. g7 1-0

[Event "Late-Titled-Tuesday-Blitz-January-23-2024"]
[Site "Chess.com"]
[Date "2024.01.23"]
[Round "7"]
[White "Vladimir_2020"]
[Black "maximnovik"]
[Result "0-1"]
[WhiteElo "2713"]
[BlackElo "2589"]
[TimeControl "180+1"]
[EndTime "15:13:15 PST"]
[Termination "maximnovik won by resignation"]

1. Nf3 Nf6 2. c4 c5 3. Nc3 e6 4. e3 d5 5. cxd5 exd5 6. d4 cxd4 7. Nxd4 Bd6 8. b3 O-O 9. Bb2 Nc6 10. Nxc6 bxc6 11.
Be2 Re8 12. O-O Qc7 13. h3 Qe7 14. Na4 Ne4 15. Rc1 Bd7 16. Bf3 Qg5 17. Kh1 Qh6 18.
Bg4 f5 19. Bh5 f4 20. Bg4 Bxg4 21. Qxg4 fxe3 22. fxe3 Ng3+ 23. Kg1 Nxf1 24. Kxf1 Be5 0-1

[Event "Late-Titled-Tuesday-Blitz-January-23-2024"]
[Site "Chess.com"]
[Date "2024.01.23"]
[Round "7"]
[White "TanitoluwaAps116"]
[Black "xakevicius91"]
[Result "0-1"]
[WhiteElo "2702"]
[BlackElo "2572"]
[TimeControl "180+1"]
[EndTime "15:13:15 PST"]
[Termination "xakevicius91 won on time"]

1. e4 c5 2. Nf3 e6 3. c3 Nf6 4. e5 Nd5 5. Bc4 d6 6. d4 cxd4 7. cxd4 Be7 8. O-O O-O 9. Qe2 b6 10. Qe4 Ba6 11. b3 Bxc4 12. bxc4 Nc7 13. exd6 Bxd6 14.
c5 bxc5 15. dxc5 Be7 16. Bb2 Nd5 17. Nc3 Bf6 18. Rad1 Bxc3 19. Bxc3 Nxc3 20. Qxa8 Nxd1 21. c6 Nc3 22. Qb7 Nd5 23. Rb1 Qc8 24. Ne5 f6 25.
Nd7 Rd8 26. Nxb8 Nc3 27. g3 Nxb1 28. c7 Rd1+ 0-1

[Event "Late-Titled-Tuesday-Blitz-January-23-2024"]
[Site "Chess.com"]
[Date "2024.01.23"]
[Round "7"]
[White "BozeKat"]
[Black "Kaslask"]
[Result "0-1"]
[WhiteElo "2004"]
[BlackElo "2281"]
[TimeControl "180+1"]
[EndTime "15:13:15 PST"]
[Termination "Kaslask won by resignation"]

1. c4 Nf6 2. g3 e6 3. Bg2 d5 4.
Nf3 Nbd7 5. b3 Be7 6. O-O O-O 7.
Bb2 b6 8. d3 Bb7 9. Nbd2 a5 10.
Rc1 a4 11. Ne5 axb3 12. axb3 Nxe5 13. Bxe5 c5 14. Ra1 Nd7 15. Bb2 Bf6 16. Rxa8 Qxa8 17. Qc2 d4 18. Ra1 Qb8 19. Ne4 Be7 20. e3 f5 21. Nd2 Bxg2 22. Kxg2 Bf6 23. exd4 Qb7+ 24. Kg1 cxd4 25. Qd1 Rd8 26. Qe2 Kf7 27. Nf3 e5 28. Nd2 Re8 29. Qf3 e4 30. dxe4 fxe4 31. Qh5+ Kf8 32. Qxh7 e3 33. fxe3 dxe3 34. Re1 Bxb2 35.
Nf1 Nf6 36. Qg6 Qf3 0-1

[Event "Late-Titled-Tuesday-Blitz-January-23-2024"]
[Site "Chess.com"]
[Date "2024.01.23"]
[Round "7"]
[White "DanylaBagrov"]
[Black "Roedor"]
[Result "1-0"]
[WhiteElo "2533"]
[BlackElo "2341"]
[TimeControl "180+1"]
[EndTime "15:13:18 PST"]
[Termination "DanylaBagrov won by resignation"]

1. d4 Nf6 2. c4 g6 3. Nc3 d5 4.
cxd5 Nxd5 5. e4 Nxc3 6. bxc3 Bg7 7. Nf3 O-O 8. Be2 c5 9. O-O Nc6 10. Be3 Qa5 11. d5 Ne5 12. Nd2 b5 13. Bxc5 Qc7 14.
Bd4 b4 15. cxb4 Ng4 16. Nf3 e5 17. Rc1 Qb8 18. Bc5 Rd8 19. Bc4 a5 20. b5 Nf6 21.
Re1 Nd7 22. Be7 Re8 23. d6 Nb6 24. Bxf7+ Kxf7 25. Qb3+ 1-0

[Event "Late-Titled-Tuesday-Blitz-January-23-2024"]
[Site "Chess.com"]
[Date "2024.01.23"]
[Round "7"]
[White "mightysmasher"]
[Black "EcosseKillie"]
[Result "1-0"]
[WhiteElo "2573"]
[BlackElo "2284"]
[TimeControl "180+1"]
[EndTime "15:13:18 PST"]
[Termination "mightysmasher won by resignation"]

1. e4 Nf6 2. e5 Nd5 3. c4 Nb6 4. d4 d6 5. exd6 cxd6 6. Nf3 g6 7. Nc3 Bg7 8. Be2 Bg4 9. O-O Nc6 10. Be3 Bxf3 11. Bxf3 Nxc4 12. Bxc6+ bxc6 13. Qa4 Nb6 14. Qxc6+ Qd7 15. Qxd7+ Kxd7 16. b3 Rac8 17. Nb5 a6 18.
Na3 d5 19. Rac1 Rxc1 20. Rxc1 Rc8 21. Rxc8 Kxc8 22. Nc2 Kd7 23. Kf1 Kc6 24. Ke2 a5 25. Kd3 Kb5 26. Na3+ Kc6 27. Bd2 a4 28. b4 f6 29. b5+ Kb7 30. Nc2 e5 31. Nb4 e4+ 32. Ke2 f5 33. Bc3 Kc7 34. Na6+ Kd6 35. Bb4+ Ke6 36.
Bc5 Nd7 37. b6 Nxc5 38. dxc5 d4 39. b7 d3+ 40. Kd1 Be5 41. c6 f4 42. c7 Bxc7 43.
Nxc7+ 1-0

[Event "Late-Titled-Tuesday-Blitz-January-23-2024"]
[Site "Chess.com"]
[Date "2024.01.23"]
[Round "7"]
[White "familijatop71"]
[Black "deloewre"]
[Result "1-0"]
[WhiteElo "2253"]
[BlackElo "2002"]
[TimeControl "180+1"]
[EndTime "15:13:20 PST"]
[Termination "familijatop71 won on time"]

1. e4 c6 2. d4 d5 3. e5 Bf5 4.
Nf3 e6 5. Be2 c5 6. O-O Nc6 7.
c3 cxd4 8. cxd4 Nge7 9. a3 Nc8 10. b4 Nb6 11. Nbd2 Be7 12. Bb2 O-O 13. Rc1 Rc8 14.
h3 Qd7 15. Nb3 a5 16. b5 Na7 17. Nc5 Bxc5 18. dxc5 Na8 19. a4 b6 20. c6 Qe7 21.
Nd4 Bg6 22. Bd3 Nc7 23. Qb3 Rfd8 24. Ba3 Qe8 25. f4 Rb8 26. Bd6 Rdc8 27. Rce1 Qd8 28. f5 1-0

[Event "Late-Titled-Tuesday-Blitz-January-23-2024"]
[Site "Chess.com"]
[Date "2024.01.23"]
[Round "7"]
[White "BeanScreen"]
[Black "OneTrickPony_82"]
[Result "1-0"]
[WhiteElo "2724"]
[BlackElo "2489"]
[TimeControl "180+1"]
[EndTime "15:13:25 PST"]
[Termination "BeanScreen won by resignation"]

1. e4 e5 2. Nf3 Nc6 3. Bc4 Nf6 4. d3 Bc5 5. c3 d6 6. O-O a5 7. Re1 h6 8. Nbd2 O-O 9. h3 Be6 10. Bb5 Ba7 11. Nf1 Ne7 12. d4 Ng6 13. Ng3 c6 14.
Bf1 exd4 15. cxd4 d5 16. e5 Ne4 17. Bd3 Nxg3 18. fxg3 Qd7 19. Be3 Ne7 20. g4 Rae8 21. Bc2 f5 22. exf6 Rxf6 23. Ne5 Qc7 24. Qd3 Kf8 25. Rf1 Ng8 26. g5 hxg5 27. Ng6+ Kf7 28.
Bxg5 c5 29. Bxf6 gxf6 30. Nf4 Ke7 31. Nxe6 1-0

[Event "Late-Titled-Tuesday-Blitz-January-23-2024"]
[Site "Chess.com"]
[Date "2024.01.23"]
[Round "7"]
[White "FredddieCroderg"]
[Black "Cubitas"]
[Result "1/2-1/2"]
[WhiteElo "2397"]
[BlackElo "2726"]
[TimeControl "180+1"]
[EndTime "15:13:28 PST"]
[Termination "Game drawn - insufficient material"]

1. d4 Nf6 2. c4 g6 3. Nc3 Bg7 4.
e4 O-O 5. Be2 d6 6. Nf3 e5 7.
dxe5 dxe5 8. Qxd8 Rxd8 9. Bg5 Re8 10. Nd5 Nxd5 11. cxd5 c6 12. Bc4 cxd5 13. Bxd5 Nd7 14. Nd2 h6 15. Be3 Nb6 16. Bb3 Be6 17. Bxe6 Rxe6 18. O-O Rc6 19. Rfc1 Rac8 20. Rxc6 Rxc6 21. a4 a6 22. a5 Nc4 23. Nxc4 Rxc4 24. Rd1 Rxe4 25. Rd7 Rb4 26. h3 Rxb2 27. Bb6 h5 28. Rxb7 e4 29. Ra7 h4 30. Rxa6 Rb1+ 31. Kh2 Be5+ 32. g3 hxg3+ 33. fxg3 Rb2+ 34. Kg1 Bxg3 35. Bd4 Rb8 36. Rb6 Rxb6 37. Bxb6 Kh7 38. a6 Bb8 39. a7 Bxa7 40. Bxa7 Kh6 41. Kg2 Kh5 42. Kg3 g5 43.
Be3 f5 44. Bd2 f4+ 45. Bxf4 gxf4+ 46. Kxf4 Kh4 47. Kxe4 Kxh3 1/2-1/2

[Event "Late-Titled-Tuesday-Blitz-January-23-2024"]
[Site "Chess.com"]
[Date "2024.01.23"]
[Round "7"]
[White "Crazy_girl99"]
[Black "KacperPolOK"]
[Result "0-1"]
[WhiteElo "2601"]
[BlackElo "2506"]
[TimeControl "180+1"]
[EndTime "15:13:34 PST"]
[Termination "KacperPolOK won by resignation"]

1. e4 c5 2. Nf3 Nc6 3. Bb5 d6 4.
O-O Bd7 5. c3 a6 6. Bd3 g6 7.
Re1 Bg7 8. Bf1 e6 9. d4 cxd4 10. cxd4 Nge7 11. Nc3 O-O 12. h4 h5 13. Bf4 d5 14. e5 Nf5 15. g3 Qb6 16. Qd2 Ncxd4 17. Nh2 Rac8 18. Bd3 Bb5 19. Nxb5 axb5 20. Rac1 Rc6 21.
Kg2 Rfc8 22. b3 b4 23. Nf1 Rc3 24. Ne3 Qc6 25. Nxf5 Nxf5 26. Bxf5 Rxc1 27. Rxc1 Qxc1 28. Qxc1 Rxc1 29. Bxc1 gxf5 30. f4 Bf8 31. Bd2 Bc5 32. Kf3 f6 33. Ke2 Kf7 34. Be1 fxe5 35. fxe5 Bd4 36.
Bxb4 Bxe5 37. Kf3 Bc7 38. Bc5 e5 39. a4 Ke6 40. b4 d4 41. a5 Kd5 42. Bf8 e4+ 43.
Kf2 Kc4 44. Be7 Be5 45. Bf8 d3 46. Be7 Bd4+ 47. Ke1 Bc3+ 48. Kf2 Bxb4 0-1

[Event "Late-Titled-Tuesday-Blitz-January-23-2024"]
[Site "Chess.com"]
[Date "2024.01.23"]
[Round "7"]
[White "IraZyne"]
[Black "maurovargas01"]
[Result "1-0"]
[WhiteElo "2210"]
[BlackElo "1834"]
[TimeControl "180+1"]
[EndTime "15:13:35 PST"]
[Termination "IraZyne won on time"]

1. e4 d5 2. exd5 Qxd5 3. Qf3 Qa5 4. Nc3 Nf6 5. Bc4 Bg4 6. Qxb7 Qe5+ 7. Nge2 Nfd7 8. Qxa8 e6 9. Qe4 Qh5 10. Ng3 Qg6 11.
Qxg6 hxg6 12. f3 Bf5 13. Nxf5 gxf5 14. d4 Nb6 15. Bb3 Bd6 16. h3 Bg3+ 17. Ke2 a5 18.
Be3 Nc6 19. a3 O-O 20. f4 Nd7 21. d5 exd5 22. Nxd5 Re8 23. Kf3 Bh4 24. g4 fxg4+ 25. hxg4 Bf6 26. Rh5 Bxb2 27. Rah1 g6 28. Rg5 Bg7 29.
Nxc7 Rc8 30. Nd5 1-0

[Event "Late-Titled-Tuesday-Blitz-January-23-2024"]
[Site "Chess.com"]
[Date "2024.01.23"]
[Round "7"]
[White "HajiyevKanan"]
[Black "krzyzan94"]
[Result "0-1"]
[WhiteElo "2575"]
[BlackElo "2778"]
[TimeControl "180+1"]
[EndTime "15:13:37 PST"]
[Termination "krzyzan94 won by resignation"]

1. d4 Nf6 2. Nf3 e6 3. c4 c5 4. e3 d5 5. Nc3 Nc6 6. cxd5 exd5 7. Be2 Bd6 8. dxc5 Bxc5 9. O-O O-O 10. b3 a6 11. Bb2 Re8 12. Rc1 Ba7 13. Na4 Ne4 14. Nd4 Bd7 15. Nxc6 Bxc6 16. Nc3 Nxf2 17. Rxf2 Bxe3 18.
Qd3 d4 19. Nd1 Bb5 20. Rc4 Bxc4 21. Qxc4 Bxf2+ 22. Nxf2 Rc8 23. Qd3 Qg5 24. Bxd4 Rc1+ 25. Bf1 Ree1 26. Be3 Rxf1+ 0-1

[Event "Late-Titled-Tuesday-Blitz-January-23-2024"]
[Site "Chess.com"]
[Date "2024.01.23"]
[Round "7"]
[White "Qvalda"]
[Black "JackRodgers"]
[Result "1-0"]
[WhiteElo "2440"]
[BlackElo "2539"]
[TimeControl "180+1"]
[EndTime "15:13:41 PST"]
[Termination "Qvalda won by resignation"]

1. Nf3 c5 2. g3 g6 3. Bg2 Bg7 4. O-O Nf6 5. c4 O-O 6. Nc3 Nc6 7. d4 cxd4 8. Nxd4 d6 9. Nxc6 bxc6 10. Bxc6 Rb8 11.
Bg2 Qa5 12. Qd2 Bb7 13. Bxb7 Rxb7 14. b3 Rxb3 15. axb3 Qxa1 16. Nb5 a6 17. Na7 Ne4 18. Qe3 f5 19. Nc6 e5 20. Qa7 Nc3 21. Ne7+ Kh8 22. Bh6 Qxf1+ 23. Kxf1 Bxh6 24. Qxa6 Ne4 25. f3 Nd2+ 26. Kf2 Nxb3 27. Qxd6 Bg7 28. c5 e4 29. c6 Bd4+ 30. Kg2 exf3+ 31. exf3 Bb6 32. c7 Bxc7 33. Qxc7 Nd4 34. Qe5+ 1-0

[Event "Late-Titled-Tuesday-Blitz-January-23-2024"]
[Site "Chess.com"]
[Date "2024.01.23"]
[Round "7"]
[White "Piotrek1979"]
[Black "yobdc"]
[Result "0-1"]
[WhiteElo "2399"]
[BlackElo "2551"]
[TimeControl "180+1"]
[EndTime "15:13:42 PST"]
[Termination "yobdc won by resignation"]

1. d4 e6 2. c4 f5 3. Nf3 Nf6 4. g3 d5 5. Bg2 c6 6. O-O Bd6 7. Qc2 O-O 8. Nbd2 Qe7 9. b3 Ne4 10. Bb2 Nd7 11. Rad1 a5 12. a4 b6 13. Ne5 Nxe5 14. dxe5 Bc5 15. Nxe4 fxe4 16. e3 Ba6 17. Bd4 Rad8 18. Rd2 Bb4 19. Bxb6 Rb8 20. Bd4 Bxd2 21. Qxd2 Rxb3 22. cxd5 cxd5 23. Rc1 Rfb8 24. Qxa5 Rb1 25. Qe1 Bd3 26. Bf1 Qa3 27. Kg2 Qxc1 0-1